 Dungeon Crawl Stone Soup version 0.28-a0-793-g31680bbd8b (webtiles) character file.

Game seed: 3821913472691665076

3875 Ijustatesigmund the Blocker (level 10, -14/81 HPs)
             Began as a Gnoll Fighter on Nov 5, 2021.
             Demolished by an orc warrior (17 damage)
             ... in a bailey.
             The game lasted 00:18:25 (9013 turns).

Ijustatesigmund the Blocker (Gnoll Fighter)         Turns: 9013, Time: 00:18:26

Health: -14/81     AC: 13    Str: 16    XL:     10   Next: 19%
Magic:  17/17      EV: 14    Int: 10    God:
Gold:   211        SH:  6    Dex: 14    Spells: 19/19 levels left

rFire   + . .      SeeInvis .   a - +1 war axe
rCold   + . .      Faith    .   c - +0 buckler
rNeg    . . .      Spirit   .   b - +0 steam dragon scales
rPois   +          Reflect  .   e - +0 helmet
rElec   .          Harm     .   u - +0 cloak
rCorr   .          Rampage  .   (no gloves)
Will    .....                   (no boots)
Stlth   +++.......              (no amulet)
HPRegen 0.23/turn               m - ring of poison resistance
MPRegen 0.15/turn               o - +4 ring of protection

@: mighty
A: fangs 1, strong nose, distributed training, agile 1, cold resistance 1, fire
resistance 1
a: no special abilities


You were in a bailey.
You visited 2 branches of the dungeon, and saw 9 of its levels.
You also visited: Ossuary and Bailey.

You collected 309 gold pieces.
You spent 98 gold pieces at shops.

Inventory:

Hand Weapons
 a - a +1 war axe (weapon)
Missiles
 f - an atropa-tipped dart (quivered)
 g - 82 sling bullets
 p - 25 poisoned darts
Armour
 b - +0 steam dragon scales (worn)
 c - a +0 buckler (worn)
 e - a +0 helmet (worn)
 u - a +0 cloak (worn)
Jewellery
 j - an amulet of magic regeneration
 m - a ring of poison resistance (left hand)
 o - a +4 ring of protection (right hand)
Wands
 k - a wand of iceblast (3)
Scrolls
 h - a scroll of amnesia
 n - 2 scrolls of magic mapping
 q - 2 scrolls of teleportation
 v - a scroll of identify
 x - a scroll of summoning
 C - a scroll of fog
Potions
 i - 2 potions of mutation
 l - 2 potions of curing
 r - 2 potions of flight
 t - 3 potions of brilliance
 z - a potion of haste
 B - a potion of lignification


   Skills:
 + Level 8.3 Fighting
 + Level 5.0 Short Blades
 + Level 5.0 Long Blades
 + Level 6.9 Axes
 + Level 5.0 Maces & Flails
 + Level 5.0 Polearms
 + Level 5.0 Staves
 + Level 5.0 Slings
 + Level 5.0 Bows
 + Level 5.0 Crossbows
 + Level 5.0 Throwing
 + Level 8.3 Armour
 + Level 5.0 Dodging
 + Level 5.0 Stealth
 + Level 8.3 Shields
 + Level 5.0 Unarmed Combat
 + Level 5.0 Spellcasting
 + Level 4.1 Conjurations
 + Level 4.1 Hexes
 + Level 4.1 Summonings
 + Level 4.1 Necromancy
 + Level 4.1 Translocations
 + Level 4.1 Transmutations
 + Level 4.1 Fire Magic
 + Level 4.1 Ice Magic
 + Level 4.1 Air Magic
 + Level 4.1 Earth Magic
 + Level 4.1 Poison Magic
 + Level 5.5 Invocations
 + Level 5.0 Evocations


You had 19 spell levels left.
You didn't know any spells.
Your spell library contained the following spells:

 Spells                   Type           Power      Damage    Failure   Level
 Call Canine Familiar     Summ           10%        N/A       12%         3
 Conjure Flame            Conj/Fire      10%        6-21      12%         3
 Ignite Poison            Fire/Tmut/Pois 10%        N/A       12%         3
 Portal Projectile        Hex/Tloc       20%        N/A       12%         3
 Leda's Liquefaction      Hex/Erth       5%         N/A       38%         4
 Sticky Flame             Conj/Fire      10%        2d3       38%         4


Dungeon Overview and Level Annotations

Branches:
Dungeon (8/15)             Temple (1/1) D:6         Ossuary (visited)
 Bailey (1/1)
   Lair: D:8-11

Altars:
Dithmenos
Hepliaklqana
Makhleb
Okawaru
Qazlal
Sif Muna
Vehumet
Wu Jian
Xom
Yredelemnul
Zin

Shops:
D:4 *


Innate Abilities, Weirdness & Mutations

You have very sharp teeth.
Your uncanny sense of smell can sniff out nearby items.
Your experience applies equally to all skills.
You are agile. (Dex +2)
Your flesh is cold resistant. (rC+)
Your flesh is heat resistant. (rF+)


Message History

You block the orc warrior's attack. x2
An orc comes into view. It is wielding a +0 hand axe.
You feel very mighty all of a sudden. The orc warrior closely misses you.
The orc warrior hits you but does no damage.
You closely miss the orc warrior. Your bite misses the orc warrior.
The orc warrior is severely wounded.
You slash the orc warrior!
You hear a shout!
The orc warrior hits you with a +0 war axe.
An orc warrior comes into view. It is wielding a +0 hand axe.
The orc warrior hits you with a +0 battleaxe.
You hear a shout!
You hit the orc warrior.
The orc warrior is almost dead.
You closely miss the orc warrior.
The orc warrior hits you with a +0 war axe!
The orc warrior hits you with a +0 battleaxe.
You are too injured to fight recklessly!
Unknown command.
You hit the orc warrior but do no damage.
The orc warrior is almost dead.
You slash the orc warrior!
The orc warrior hits you with a +0 war axe!
The orc warrior hits you with a +0 battleaxe!
* * * LOW HITPOINT WARNING * * *
You feel much better.
The orc warrior hits you with a +0 war axe!
* * * LOW HITPOINT WARNING * * *
The orc warrior hits you with a +0 battleaxe!!
* * * LOW HITPOINT WARNING * * *
An orc comes into view. It is wielding a +0 hand axe.
Okay, then.
Okay, then.
You barely miss the orc warrior.
The orc warrior is severely wounded.
You closely miss the orc warrior.
The orc warrior hits you but does no damage.
The orc warrior hits you with a +0 battleaxe!
You die... o≈# o≈. o≈## o≈K

g≈##
g≈.
##o##
##@o.##
#8.^^8#
##.∩.##
##8##
###


You could see 4 orc warriors, a gnoll, 2 orcs, a hobgoblin and a kobold.

Vanquished Creatures
  Pikel (D:4)
  Prince Ribbit (D:8)
  A steam dragon (D:6)
  A wyvern (D:7)
  2 orc warriors
  3 water moccasins
  A black bear (D:5)
  An ice beast (D:6)
  4 sky beasts
  An ogre (D:4)
  3 centaurs
  A lemure (D:4)
  2 phantoms
  A water moccasin skeleton (D:4)
  6 killer bees
  2 howler monkeys (D:7)
  4 bullfrog zombies
  2 centaur zombies
  2 jellies (D:5)
  An orc priest (D:6)
  4 hounds
  2 human zombies (Ossuary)
  2 centaur skeletons
  Natasha (thrice) (D:2)
  6 orc wizards
  An iguana (D:5)
  A killer bee zombie (D:6)
  A hound skeleton (D:5)
  A howler monkey zombie (D:6)
  4 mummies (Ossuary)
  Robin (D:2)
  4 gnolls
  5 adders
  A shadow imp (D:5)
  A white imp (D:7)
  An ufetubus (D:6)
  An adder skeleton (D:4)
  2 dart slugs
  20 orcs
  5 endoplasms
  8 giant cockroaches
  18 goblins
  6 hobgoblins
  3 jackals (D:3)
  5 kobolds
  6 quokkas
  5 ball pythons
  7 bats
  7 frilled lizards
  A goblin zombie (Ossuary)
  3 hobgoblin zombies (Ossuary)
  A kobold zombie (Ossuary)
  13 rats
189 creatures vanquished.

Vanquished Creatures (collateral kills)
  A lemure (D:4)
1 creature vanquished.

Vanquished Creatures (others)
  2 plants (D:2)
2 creatures vanquished.

Grand Total: 192 creatures vanquished

Notes
Turn   | Place    | Note
-------+----------+-------------------------------------------
     0 | D:1      | Ijustatesigmund the Gnoll Fighter began the quest for the
                  | Orb.
     0 | D:1      | Reached XP level 1. HP: 23/23 MP: 1/1
    64 | D:1      | Found a faded altar of an unknown god.
   120 | D:1      | Reached XP level 2. HP: 27/29 MP: 2/2
   518 | D:1      | Reached XP level 3. HP: 35/35 MP: 3/3
   841 | D:2      | Reached skill level 1 in Invocations
   914 | D:2      | Reached skill level 1 in Short Blades
   914 | D:2      | Reached skill level 1 in Long Blades
   914 | D:2      | Reached skill level 1 in Maces & Flails
   914 | D:2      | Reached skill level 1 in Polearms
   914 | D:2      | Reached skill level 1 in Staves
   914 | D:2      | Reached skill level 1 in Slings
   914 | D:2      | Reached skill level 1 in Bows
   914 | D:2      | Reached skill level 1 in Crossbows
   914 | D:2      | Reached skill level 1 in Throwing
   914 | D:2      | Reached skill level 1 in Dodging
   914 | D:2      | Reached skill level 1 in Stealth
   914 | D:2      | Reached skill level 1 in Unarmed Combat
   914 | D:2      | Reached skill level 1 in Spellcasting
   914 | D:2      | Reached skill level 1 in Evocations
   970 | D:2      | Noticed Robin
   981 | D:2      | Killed Robin
   982 | D:2      | Reached XP level 4. HP: 22/41 MP: 5/5
  1361 | D:2      | Noticed Natasha
  1365 | D:2      | Killed Natasha
  1366 | D:2      | Reached skill level 1 in Conjurations
  1366 | D:2      | Reached skill level 1 in Hexes
  1366 | D:2      | Reached skill level 1 in Summonings
  1366 | D:2      | Reached skill level 1 in Necromancy
  1366 | D:2      | Reached skill level 1 in Translocations
  1366 | D:2      | Reached skill level 1 in Transmutations
  1366 | D:2      | Reached skill level 1 in Fire Magic
  1366 | D:2      | Reached skill level 1 in Ice Magic
  1366 | D:2      | Reached skill level 1 in Air Magic
  1366 | D:2      | Reached skill level 1 in Earth Magic
  1366 | D:2      | Reached skill level 1 in Poison Magic
  1535 | D:2      | Reached XP level 5. HP: 46/47 MP: 6/6
  1782 | D:2      | Noticed Natasha
  1793 | D:2      | Killed Natasha
  2156 | D:2      | Noticed Natasha
  2177 | D:2      | Killed Natasha
  2948 | D:4      | Found Dagourche's General Store.
  2963 | D:4      | Bought 2 scrolls of magic mapping for 98 gold pieces
  3104 | D:4      | Reached XP level 6. HP: 44/53 MP: 8/8
  3192 | D:4      | Reached skill level 5 in Axes
  3430 | D:4      | Noticed Pikel
  3457 | D:4      | Killed Pikel
  3458 | D:4      | Reached XP level 7. HP: 20/60 MP: 8/10
  4012 | D:4      | Reached XP level 8. HP: 61/67 MP: 12/12
  4262 | D:5      | Entered Level 5 of the Dungeon
  5775 | D:6      | Reached XP level 9. HP: 26/72 MP: 14/14
  6004 | D:6      | Found a staircase to the Ecumenical Temple.
  6017 | Temple   | Entered the Ecumenical Temple
  7502 | D:7      | Found a sand-covered staircase.
  7527 | Ossuary  | Entered an ossuary
  7922 | Ossuary  | Gained mutation: You are agile. (Dex +2) [potion of
                  | mutation]
  7922 | Ossuary  | Gained mutation: You are occasionally teleported next to
                  | monsters. [potion of mutation]
  7922 | Ossuary  | Gained mutation: You are sometimes teleported next to
                  | monsters. [potion of mutation]
  7922 | Ossuary  | Gained mutation: You are partially covered in iridescent
                  | scales. (AC +2) [potion of mutation]
  7923 | Ossuary  | Lost mutation: You are sometimes teleported next to
                  | monsters. [potion of mutation]
  7923 | Ossuary  | Lost mutation: You are partially covered in iridescent
                  | scales. (AC +2) [potion of mutation]
  7923 | Ossuary  | Lost mutation: You are occasionally teleported next to
                  | monsters. [potion of mutation]
  7923 | Ossuary  | Gained mutation: Your flesh is heat resistant. (rF+)
                  | [potion of mutation]
  7923 | Ossuary  | Gained mutation: Your flesh is cold resistant. (rC+)
                  | [potion of mutation]
  7970 | D:7      | Reached skill level 5 in Invocations
  8717 | D:8      | Reached XP level 10. HP: 57/80 MP: 17/17
  8721 | D:8      | Noticed a seven-headed hydra
  8763 | D:8      | Noticed Prince Ribbit
  8806 | D:8      | Killed Prince Ribbit
  8807 | D:8      | Reached skill level 5 in Short Blades
  8807 | D:8      | Reached skill level 5 in Long Blades
  8807 | D:8      | Reached skill level 5 in Maces & Flails
  8807 | D:8      | Reached skill level 5 in Polearms
  8807 | D:8      | Reached skill level 5 in Staves
  8807 | D:8      | Reached skill level 5 in Slings
  8807 | D:8      | Reached skill level 5 in Bows
  8807 | D:8      | Reached skill level 5 in Crossbows
  8807 | D:8      | Reached skill level 5 in Throwing
  8807 | D:8      | Reached skill level 5 in Dodging
  8807 | D:8      | Reached skill level 5 in Stealth
  8807 | D:8      | Reached skill level 5 in Unarmed Combat
  8807 | D:8      | Reached skill level 5 in Spellcasting
  8807 | D:8      | Reached skill level 5 in Evocations
  8818 | D:8      | Found a flagged portal.
  8831 | Bailey   | Entered a bailey
  9012 | Bailey   | HP: 3/81 [orc warrior (20)]
  9013 | Bailey   | Demolished by an orc warrior

Illustrated notes

Levels and vault maps discovered:
D:1:      lightli_arrival_farm, layout_loops_ring,
          hellmonk_ecumenical_altar_leap_of_faith
D:2:      layout_loops_corners, serial_bayou_crossing, uniq_robin, uniq_natasha
D:3:      layout_basic
D:4:      layout_gridville, serial_shops, shop, serial_glass, glass_columns_a,
          glass_columns_a, uniq_pikel
D:5:      minmay_skewed_foursquare, layout_rooms
D:6:      layout_loops_ring, minmay_temple_entry_offerings
D:7:      layout_cave_pools, grunt_temple_overflow_open,
          lightli_ossuary_entry_decrepit_ruins, minmay_door_square
D:8:      gammafunk_corrupted_shrine, layout_loops_cross,
          chequers_temple_overflow_statue_of_worship,
          grunt_temple_overflow_diamond, enter_bailey_5, minivault_23,
          uniq_grum, uniq_prince_ribbit1, uniq_harold
Temple:   jpeg_temple_clearing
Bailey:   bailey_axe_1, bailey

Skill      XL: |  1  2  3  4  5  6  7  8  9 10 |
---------------+-------------------------------+-----
Invocations    | 1 2 3 4 5 |  5.5
Short Blades   | 1 2 3 4 5 |  5.0
Long Blades    | 1 2 3 4 5 |  5.0
Maces & Flails | 1 2 3 4 5 |  5.0
Polearms       | 1 2 3 4 5 |  5.0
Staves         | 1 2 3 4 5 |  5.0
Slings         | 1 2 3 4 5 |  5.0
Bows           | 1 2 3 4 5 |  5.0
Crossbows      | 1 2 3 4 5 |  5.0
Throwing       | 1 2 3 4 5 |  5.0
Dodging        | 1 2 3 4 5 |  5.0
Stealth        | 1 2 3 4 5 |  5.0
Unarmed Combat | 1 2 3 4 5 |  5.0
Spellcasting   | 1 2 3 4 5 |  5.0
Evocations     | 1 2 3 4 5 |  5.0
Conjurations   | 1 2 3 4 |  4.1
Hexes          | 1 2 3 4 |  4.1
Summonings     | 1 2 3 4 |  4.1
Necromancy     | 1 2 3 4 |  4.1
Translocations | 1 2 3 4 |  4.1
Transmutations | 1 2 3 4 |  4.1
Fire Magic     | 1 2 3 4 |  4.1
Ice Magic      | 1 2 3 4 |  4.1
Air Magic      | 1 2 3 4 |  4.1
Earth Magic    | 1 2 3 4 |  4.1
Poison Magic   | 1 2 3 4 |  4.1
Axes           | 5 6 |  6.9
Fighting       | 7 8 |  8.3
Armour         | 7 8 |  8.3
Shields        | 7 8 |  8.3

Action                   |  1- 3 |  4- 6 |  7- 9 | 10-12 || total
-------------------------+-------+-------+-------+-------++-------
Melee: War axe           |    93 |   154 |   380 |    65 ||   692
       Bite              |     6 |     9 |    33 |     6 ||    54
Throw: Dart              |       |     4 |     9 |     1 ||    14
Evoke: Wand              |       |       |     6 |     2 ||     8
  Use: Scroll            |     2 |     5 |    14 |     2 ||    23
       Potion            |       |       |     8 |     2 ||    10
 Stab: Invisible         |       |       |     2 |     2 ||     4
       Sleeping          |       |       |     6 |       ||     6
Armor: Scale mail        |    34 |    68 |    78 |       ||   180
       Steam dragon scal |       |       |   134 |    30 ||   164
Dodge: Dodged            |    38 |    78 |   242 |    53 ||   411
Block: Buckler           |    23 |    49 |   105 |    25 ||   202

Table legend: (Time is in decaauts)
 A = Elapsed time spent in this place.
 B = Non-inter-level travel time spent in this place.
 C = Inter-level travel time spent in this place.
 D = Time resting spent in this place.
 E = Time spent auto-exploring this place.
 F = Levels seen in this place.
 G = Mean time per level.
                   A        B        C        D        E       F      G
               +--------+--------+--------+--------+--------+-----+--------+
         Total |   9202 |   9099 |    103 |   3067 |   4125 |  11 |  836.5 |
       Dungeon |   8516 |   8426 |     90 |   2744 |   4064 |   8 | 1064.5 |
        Temple |     85 |     72 |     13 |      0 |     61 |   1 |   85.0 |
       Ossuary |    415 |    415 |      0 |    166 |      0 |   1 |  415.0 |
        Bailey |    184 |    184 |      0 |    157 |      0 |   1 |  184.0 |
               +--------+--------+--------+--------+--------+-----+--------+

Top non-repeatable levels by time:
     D:6: 1668 daAuts
     D:2: 1598 daAuts
     D:5: 1407 daAuts
     D:4: 1330 daAuts
     D:1: 950 daAuts
     D:7: 938 daAuts
     D:3: 495 daAuts
 Ossuary: 415 daAuts
  Bailey: 184 daAuts
     D:8: 128 daAuts
  Temple: 85 daAuts
